 Dungeon Crawl Stone Soup version 0.23.0-3-gf3c87f2 (webtiles) character file.

Game seed: 12566026841296124307

8 Kairos the Skirmisher (level 2, 0/24 HPs)
             Began as a Formicid Abyssal Knight on Feb 24, 2019.
             Was a Follower of Lugonu.
             Slain by a ball python (2 damage)
             ... on level 1 of the Dungeon.
             The game lasted 00:01:52 (241 turns).

Kairos the Skirmisher (Formicid Abyssal Knight)      Turns: 241, Time: 00:01:53

Health: 0/24       AC:  3    Str: 16    XL:     2   Next: 15%
Magic:  3/3        EV:  8    Int: 16    God:    Lugonu [*.....]
Gold:   32         SH:  0    Dex: 10    Spells: 1/1 levels left

rFire    . . .     SeeInvis +   a - +1 hand axe
rCold    . . .     Gourm    .   (no shield)
rNeg     . . .     Faith    .   b - +0 leather armour
rPois    .         Spirit   .   (helmet unavailable)
rElec    .         Reflect  .   (no cloak)
rCorr    .         Harm     .   (no gloves)
MR       .....                  (no boots)
Stlth    +.........             (no amulet)
HPRegen  0.08/turn              (no ring)
MPRegen  0.08/turn              (no ring)

@: brilliant, constricted
A: permanent stasis, dig shafts and tunnels, four strong arms, antennae 3
a: Dig, Shaft Self, Depart the Abyss, Renounce Religion


You were on level 1 of the Dungeon.
You worshipped Lugonu.
Lugonu was aware of your devotion.
You were not hungry.

You visited 1 branch of the dungeon, and saw 1 of its levels.
You visited the Abyss 1 time.

You collected 32 gold pieces.

Inventory:

Hand Weapons
 a - a +1 hand axe (weapon)
Armour
 b - a +0 leather armour (worn)
Scrolls
 e - 2 scrolls of identify
 f - a scroll of fog
Comestibles
 c - a ration


   Skills:
 + Level 3.6 Fighting
 + Level 2.1 Axes
 + Level 2.1 Armour
 + Level 1.0 Dodging
 + Level 2.3 Invocations


You had one spell level left.
You didn't know any spells.
Your spell library was empty.

Dungeon Overview and Level Annotations

Branches:
Dungeon (1/15)

Altars:


Innate Abilities, Weirdness & Mutations

You cannot be hasted, slowed, berserked, paralysed or teleported.
You can dig through walls and to a lower floor.
Your four strong arms can wield two-handed weapons with a shield.
You have a pair of large antennae on your head. (SInv)


Message History

The bat barely misses you.
The ball python moves out of view.
The ball python hisses angrily.
The bat barely misses you.
You hit the bat but do no damage. The bat misses you.
The bat hits you but does no damage. x2
The bat hits you but does no damage.
You see here 2 viscous puce potions.
You hit the bat.
You kill the bat!
Lugonu accepts your kill. The ball python bites you.
* * * LOW HITPOINT WARNING * * *
The ball python closely misses you.
The ball python bites you but does no damage.
The ball python grabs you.
* * * LOW HITPOINT WARNING * * *
The ball python constricts you.
You see here a bat corpse.
You closely miss the ball python. The ball python bites you.
You die...

......## ######### 8...8##
####.......#
#'''######..........#
...))†..##..........#####
....†...##..............##
........##...#+##.........
.............#+###......#
......#.#.......!.......#
##..............@.........
......#.#.......S.........
......#.#....###...##.##..
......#..........### #.# !
.....##..........# ... ...
...........# ##. #..
...... ....... ........


You could see a ball python.

Vanquished Creatures
  2 bats (D:1)
  A giant cockroach (D:1)
  2 frilled lizards (D:1)
  3 kobolds (D:1)
  2 rats (D:1)
10 creatures vanquished.

Vanquished Creatures (others)
  A lurking horror (Abyss:3)
1 creature vanquished.

Grand Total: 11 creatures vanquished

Notes
Turn   | Place    | Note
-------+----------+-------------------------------------------
     0 | Abyss:1  | Kairos the Formicid Abyssal Knight began the quest for the
                  | Orb.
     0 | Abyss:1  | Reached XP level 1. HP: 18/18 MP: 2/2
   152 | Abyss:3  | Noticed a raiju
   172 | Abyss:3  | Noticed a small abomination
   178 | D:1      | Escaped the Abyss
   192 | D:1      | Reached * piety under Lugonu
   194 | D:1      | Reached skill level 1 in Dodging
   226 | D:1      | Reached XP level 2. HP: 6/24 MP: 3/3
   241 | D:1      | Slain by a ball python

Skill      XL: |  1 |
---------------+----+-----
Dodging        | 1 |  1.0
Fighting       | |  3.6
Axes           | |  2.1
Armour         | |  2.1
Invocations    | |  2.3

Action                   || total
-------------------------++-------
Melee: Hand axe          ||    26
Invok: Depart the Abyss  ||     1
  Use: Scroll            ||     1
       Potion            ||     1
Armor: Leather armour    ||    13
Dodge: Dodged            ||    24
